 Dungeon Crawl Stone Soup version 0.24-a0-784-g601f8f6d22 (webtiles) character file.

Game seed: 13707885324692083430, levelgen mode: deterministic

140 Johnny the Digger (level 4, -14/35 HPs)
             Began as a Demigod Earth Elementalist on Oct 9, 2019.
             Demolished by an ogre
             ... wielding a +0 giant club
              (20 damage)
             ... on level 4 of the Dungeon.
             The game lasted 00:03:00 (3237 turns).

Johnny the Digger (Demigod Earth Elementalist)      Turns: 3237, Time: 00:03:01

Health: -14/35     AC:  6    Str: 11    XL:     4   Next: 71%
Magic:  8/10       EV: 12    Int: 26    God:
Gold:   221        SH:  0    Dex: 16    Spells: 6/7 levels left

rFire    . . .     SeeInvis .   t - +0 quarterstaff
rCold    . . .     Gourm    .   (shield currently unavailable)
rNeg     . . .     Faith    .   x - +2 leather armour of the Several Lies {Regen+}
rPois    .         Spirit   .   (no helmet)
rElec    .         Reflect  .   (no cloak)
rCorr    .         Harm     .   (no gloves)
MR       .....                  j - +0 pair of boots
Stlth    ++........             (no amulet)
HPRegen  0.51/turn              l - +5 ring of intelligence (curse)
MPRegen  0.12/turn              (no ring)

@: very slightly contaminated
A: high mp 1
a: no special abilities


You were on level 4 of the Dungeon.
You were hungry.

You visited 1 branch of the dungeon, and saw 4 of its levels.

You collected 221 gold pieces.

Inventory:

Hand Weapons
 a - a +0 club
 q - a cursed +0 flail
 t - a +0 quarterstaff (weapon)
Missiles
 b - 54 stones (quivered)
Armour
 c - a +0 robe
 j - a +0 pair of boots (worn)
 x - the +2 leather armour of the Several Lies (worn) {Regen+}
   (You found it on level 4 of the Dungeon)

   It increases your rate of regeneration.
Jewellery
 l - a cursed +5 ring of intelligence (left hand)
Scrolls
 e - 2 scrolls of fog {unknown}
 f - 7 scrolls of identify {unknown}
 g - 4 scrolls of teleportation {unknown}
 h - a scroll of enchant armour {unknown}
 m - a scroll of immolation {unknown}
 n - a scroll of enchant weapon {unknown}
 o - a scroll of amnesia {unknown}
 r - a scroll of blinking {unknown}
 v - a scroll of random uselessness {unknown}
 w - 2 scrolls of remove curse {unknown}
Potions
 i - a potion of lignification {unknown}
 k - a potion of haste {unknown}
 p - a potion of heal wounds {unknown}
 s - 2 potions of might {unknown}
 u - a potion of brilliance {unknown}
Comestibles
 d - 6 rations


   Skills:
 + Level 1.6 Fighting
 + Level 2.6 Dodging
 - Level 1.7 Stealth
 + Level 2.4 Spellcasting
   Level 0.8 Transmutations
 * Level 3.9 Earth Magic


You had 6 spell levels left.
You knew the following spells:

 Your Spells              Type           Power        Failure   Level  Hunger
a - Sandblast             Erth           ###...       2%          1    None

Your spell library contained the following spells:

 Spells                   Type           Power        Failure   Level  Hunger
 Passwall                 Tmut/Erth      ###.....     8%          2    ##.....
 Stone Arrow              Conj/Erth      ##....       19%         3    ###....
 Petrify                  Tmut/Erth      ###.....     43%         4    ####...
 Lee's Rapid Deconstruct  Erth           ###.......   58%         5    ######.


Dungeon Overview and Level Annotations

Branches:
Dungeon (4/15)             Temple (0/1) D:4

Annotations:
D:3 3 runed translucent doors, Erk's ghost, amateur HuFi


Innate Abilities, Weirdness & Mutations

You have an increased reservoir of magic. (+10% MP)


Message History

Press: ? - help, Shift-Dir - straight line, f - ogre
Aim: an ogre, wielding a +0 giant club The blast of sand hits the ogre!
The ogre is heavily wounded.
b - 54 stones The ogre hits you with a +0 giant club!!
Ouch! That really hurt!
* * * LOW HITPOINT WARNING * * *
Casting: Sandblast (safe; 2% risk of failure)
Confirm with . or Enter, or press ? or * to list all spells.
Aiming: Sandblast (safe; 2% risk of failure)
Press: ? - help, Shift-Dir - straight line, f/p - ogre
Aim: an ogre, wielding a +0 giant club (heavily wounded)
You miscast Sandblast.
You are very lightly contaminated with residual magic.
Nothing appears to happen.
You are feeling hungry.
The ogre hits you with a +0 giant club!!
Ouch! That really hurt!
You die...

######### #.# #.#
#.###.###
########........
.........###.###
########.###.#
####........#
#####....##.#####
#.@...#.....#
#O###...##### ...
##.## ..### #.#
#. #.# # ..# ###


You could see an ogre.

Vanquished Creatures
  A worker ant (D:4)
  A howler monkey skeleton (D:4)
  3 adders (D:2)
  An ooze (D:3)
  A worm (D:3)
  3 dart slugs
  3 leopard geckos
  An orc (D:3)
  6 bats
  2 giant cockroaches
  9 goblins
  8 hobgoblins
  6 jackals (D:2)
  4 quokkas
  2 frilled lizards
  3 kobolds
  A quokka skeleton (D:4)
  5 rats
60 creatures vanquished.

Notes
Turn   | Place    | Note
-------+----------+-------------------------------------------
     0 | D:1      | Johnny the Demigod Earth Elementalist began the quest for
                  | the Orb.
     0 | D:1      | Reached XP level 1. HP: 14/14 MP: 5/5
    67 | D:1      | You fall into a shaft and drop 1 floor!
    78 | D:2      | Reached skill level 3 in Earth Magic
    78 | D:2      | Reached XP level 2. HP: 15/22 MP: 0/7
   852 | D:1      | Reached XP level 3. HP: 15/27 MP: 8/8
  1229 | D:2      | Reached skill level 1 in Fighting
  1551 | D:2      | You fall into a shaft and drop 1 floor!
  1559 | D:3      | Found an iron altar of Okawaru.
  1944 | D:2      | Found a shimmering altar of Xom.
  2093 | D:2      | Found a glowing golden altar of the Shining One.
  2141 | D:2      | Reached XP level 4. HP: 35/35 MP: 10/10
  2425 | D:3      | Found a runed translucent gate.
  2425 | D:3      | Found a runed translucent gate.
  2425 | D:3      | Found a runed translucent gate.
  2426 | D:3      | Noticed Erk's ghost (amateur HuFi)
  2911 | D:4      | Found a staircase to the Ecumenical Temple.
  2916 | D:4      | Got a slimy leather armour
  2936 | D:3      | Identified the +2 leather armour of the Several Lies
                  | {Regen+} (You found it on level 4 of the Dungeon)
  3144 | D:4      | Found a burning altar of Makhleb.
  3234 | D:4      | Noticed an ogre
  3237 | D:4      | Demolished by an ogre

Levels and vault maps discovered:
D:1:      minmay_arrival_open_corners, layout_loops_corners
D:2:      layout_loops_ring, tso_oasis_becter, first_ration,
          small_statue_intersection, lemuel_altar_in_water
D:3:      wad_pebble_path, layout_basic, nicolae_overflow_crystal_walls,
          gammafunk_ghost_necromancy
D:4:      layout_loops_ring, kennysheep_mini_moat,
          minmay_temple_entry_butterflies

Skill      XL: |  1  2  3 |
---------------+----------+-----
Dodging        | 2 |  2.6
Spellcasting   | 2 |  2.4
Earth Magic    | 3 |  3.9
Fighting       | 1 |  1.6
Stealth        | |  1.7
Transmutations | |  0.8

Action                   |  1- 3 |  4- 6 || total
-------------------------+-------+-------++-------
Melee: Unarmed           |     1 |       ||     1
       Club              |    65 |       ||    65
       Quarterstaff      |       |    54 ||    54
 Cast: Sandblast         |    43 |     6 ||    49
 Stab: Sleeping          |     1 |     2 ||     3
  Eat: Chunk             |     4 |     3 ||     7
Armor: Robe              |    14 |     4 ||    18
       Leather armour    |       |    12 ||    12
Dodge: Dodged            |    57 |    31 ||    88

Table legend:
 A = Non-vault XP
 B = Vault XP
 C = Vault XP percentage of total XP
 D = Non-vault monster count
 E = Vault monster count
 F = Vault count percentage of total count
                 A         B        C        D         E       F
            +---------+---------+-------+---------+---------+-------
      Total |     200 |       0 |   0.0 |      60 |       0 |   0.0
            +---------+---------+-------+---------+---------+-------
        D:1 |      14 |       0 |   0.0 |       8 |       0 |   0.0
        D:2 |      88 |       0 |   0.0 |      27 |       0 |   0.0
        D:3 |      45 |       0 |   0.0 |      20 |       0 |   0.0
        D:4 |      53 |       0 |   0.0 |       5 |       0 |   0.0
            +---------+---------+-------+---------+---------+-------
